 Dungeon Sprint DCSS version 0.30.1-9-gdf580d7c3d (webtiles) character file.

Game seed: 5075589587457619442

138 Heoruswealwe the Spear-Bearer (level 5, -6/52 HPs)
             Began as a Minotaur Fighter on Sept 29, 2023.
             Mangled by an iguana (11 damage)
             ... in the Dungeon (Sprint IX: "|||||||||||||||||||||||||||||").
             The game lasted 00:00:43 (45 turns).

Heoruswealwe the Spear-Bearer (Minotaur Fighter)      Turns: 45, Time: 00:00:44

Health: -6/52      AC:  7    Str: 22    XL:     5   Next: 1%
Magic:  4/4        EV:  9    Int:  5    God:
Gold:   0          SH:  4    Dex: 10    Spells: 4/4 levels left

rFire   . . .        a - +0 trident
rCold   . . .        d - +0 buckler
rNeg    . . .        c - +0 scale mail
rPois   .            (helmet restricted)
rElec   .            (no cloak)
rCorr   .            (no gloves)
SInv    .            (no boots)
Will    .....        (no amulet) Stlth
                     (no ring)
HPRegen 0.28/turn    (no ring)
MPRegen 0.09/turn

%: no teleportation
@: no status effects
A: horns 2, retaliatory headbutt
a: no special abilities


You were in the Dungeon.
You visited 1 branch

Inventory:

Hand Weapons
 a - a +0 trident (weapon)
Armour
 c - a +0 scale mail (worn)
 d - a +0 buckler (worn)
Scrolls
 j - a scroll of blinking
Potions
 b - a potion of might
 e - a potion of curing
 f - a potion of heal wounds
 g - a potion of haste
 i - a potion of berserk rage


   Skills:
 + Level 7.0 Fighting
 * Level 8.8 Polearms
 + Level 7.0 Armour
 - Level 3.6 Shields


You had 4 spell levels left.
You didn't know any spells.
Your spell library was empty.

Dungeon Overview and Level Annotations

Branches:
Dungeon (1/1)

Altars:


Innate Abilities, Weirdness & Mutations

You have a pair of horns on your head.
You reflexively headbutt those who attack you in melee.


Message History

The scorpion stings you but does no damage.
You hit the scorpion.
The scorpion is almost dead.
You feel sick. You block the scorpion's attack.
You closely miss the scorpion.
The scorpion is almost dead.
You feel sick. You block the scorpion's attack.
You puncture the scorpion!
You kill the scorpion!
You feel sick. The adder bites you.
You are more poisoned.
The adder poisons you!
Your Fighting skill increases to level 6!
Your Polearms skill increases to level 8!
Your Armour skill increases to level 6!
You hit the adder but do no damage. Your headbutt misses the adder.
You feel sick. The adder barely misses you.
You closely miss the adder. You headbutt the adder!
The adder is severely wounded.
You feel sick. The adder closely misses you.
You hit the adder.
You kill the adder!
You feel sick.
Your Fighting skill increases to level 7!
Your Armour skill increases to level 7!
You have reached level 5!
You feel sick. The iguana bites you!
* * * LOW HITPOINT WARNING * * *
Items here: ) [[ ††.
You barely miss the iguana.
You feel sick.
The iguana bites you but does no damage.
You hit the iguana.
The iguana is lightly wounded.
You feel sick.
You are no longer poisoned.
The iguana bites you but does no damage.
You closely miss the iguana. You headbutt the iguana.
The iguana is moderately wounded.
The iguana bites you!
You die...

▓.▓
▓†▓
▓.▓
▓.▓
▓.▓
▓.▓
▓.▓
▓'▓
▓@▓
▓l▓
▓.▓
▓.▓
▓.▓
▓+▓


You could see an iguana.

Vanquished Creatures
  A scorpion (D)
  A gnoll sergeant (D)
  An adder (D)
  2 endoplasms (D)
  A giant cockroach (D)
  A quokka (D)
  A ball python (D)
  A rat (D)
9 creatures vanquished.

Notes
Turn   | Place    | Note
-------+----------+-------------------------------------------
     0 | D        | Heoruswealwe the Minotaur Fighter began the quest for the
                  | Orb.
     0 | D        | Reached XP level 1. HP: 19/19 MP: 0/0
     7 | D        | Reached skill level 3 in Polearms
    20 | D        | Noticed a gnoll sergeant
    20 | D        | Noticed a scorpion
    20 | D        | Noticed an iguana
    22 | D        | Reached skill level 4 in Polearms
    32 | D        | Killed a gnoll sergeant
    33 | D        | Reached skill level 5 in Fighting
    33 | D        | Reached skill level 7 in Polearms
    33 | D        | Reached skill level 5 in Armour
    33 | D        | Reached XP level 2. HP: 18/30 MP: 1/1
    33 | D        | Reached XP level 3. HP: 22/37 MP: 2/2
    33 | D        | Reached XP level 4. HP: 26/44 MP: 3/3
    38 | D        | Killed a scorpion
    39 | D        | Reached skill level 8 in Polearms
    42 | D        | Reached XP level 5. HP: 18/52 MP: 4/4
    45 | D        | Mangled by an iguana

Illustrated notes

Levels and vault maps discovered:
D:        linesprint [early_d, line_temple, items_1, d_10, items_2, lair_1,
          lair_end, items_3, orc_1, orc_end, items_4, d_15, swamp_1, shoals_1,
          snake_1, spider_1, d_20, vaults_1, items_5, swamp_end, shoals_end,
          snake_end, spider_end, vaults_end, d_27, items_6, zot_1, zot_end,
          crypt_end, forest_end, elf_end, slime_end, tomb_end, abyss_end,
          pan_hell_end]

Skill      XL: |  1  2  3  4 |
---------------+-------------+-----
Polearms       | 7 8 |  8.8
Fighting       | 5 7 |  7.0
Armour         | 5 7 |  7.0
Shields        | |  3.6

Action                     |  1- 3 |  4- 6 || total
---------------------------+-------+-------++-------
  Melee: Trident           |    20 |    12 ||    32
         Headbutt          |     1 |     2 ||     3
 Armour: Scale mail        |     6 |     3 ||     9
  Dodge: Dodged            |     7 |     3 ||    10
  Block: Buckler           |     3 |     2 ||     5
